 Dungeon Crawl Stone Soup version 0.28.0-53-g5a82cb258f (webtiles) character file.

Game seed: 433754640481580566

95 pkoi the Stinger (level 4, 0/33 HPs)
             Began as a Demigod Venom Mage on May 23, 2022.
             Slain by a kobold brigand
             ... wielding a +0 short sword of freezing
              (7 damage)
             ... in a sewer.
             The game lasted 00:05:05 (4517 turns).

pkoi the Stinger (Demigod Venom Mage)               Turns: 4517, Time: 00:05:06

Health: 0/33       AC:  2    Str:  6 (9)  XL:     4   Next: 17%
Magic:  0/9        EV: 12    Int: 20 (21) God:
Gold:   512        SH:  0    Dex: 13 (14) Spells: 3/6 levels left

rFire   . . .      SeeInvis .   c - +0 whip
rCold   . . .      Faith    .   (no shield)
rNeg    . . .      Spirit   .   a - +0 robe
rPois   .          Reflect  .   (no helmet)
rElec   .          Harm     .   (no cloak)
rCorr   .          Rampage  .   (no gloves)
Will    .....                   (no boots)
Stlth   ++........              g - amulet of regeneration
HPRegen 0.91/turn               (no ring)
MPRegen 0.11/turn               (no ring)

@: no status effects
A: high MP 1, forlorn, divine attributes
a: no special abilities


You were in a sewer.
You visited 1 branch of the dungeon, and saw 3 of its levels.
You also visited: Sewer.

You collected 820 gold pieces.
You spent 308 gold pieces at shops.

Inventory:

Hand Weapons
 c - a +0 whip (weapon)
Missiles
 d - 3 atropa-tipped darts
 i - 3 poisoned darts
Armour
 a - a +0 robe (worn)
 j - a +0 helmet
Jewellery
 g - an amulet of regeneration (around neck)
Scrolls
 e - 2 scrolls of magic mapping {unknown}
 n - a scroll of immolation {unknown}
Potions
 f - a potion of flight {unknown}
 h - a potion of curing {unknown}
 k - a potion of resistance {unknown}
 l - a potion of magic {unknown}
 m - 2 potions of invisibility {unknown}
 o - a potion of haste {unknown}


   Skills:
 - Level 1.7 Dodging
 - Level 1.7 Stealth
 - Level 1.7 Spellcasting
 - Level 0.8 Transmutations
 + Level 4.8 Poison Magic


You had 3 spell levels left.
You knew the following spells:

 Your Spells              Type           Power      Damage    Failure   Level
a - Sting                 Tmut/Pois      52%        1d5       4%          1
b - Poisonous Vapours     Pois/Air       22%        N/A       9%          2

Your spell library contained the following spells:

 Spells                   Type           Power      Damage    Failure   Level
 Ignite Poison            Fire/Tmut/Pois 9%         N/A       22%         3
 Mephitic Cloud           Conj/Pois/Air  8%         N/A       26%         3
 Olgreb's Toxic Radiance  Pois           21%        N/A       22%         4
 Freezing Cloud           Conj/Ice/Air   0%         6-21      99%         5


Dungeon Overview and Level Annotations

Branches:
Dungeon (3/15)              Sewer (1/1)

Shops:
D:1 *


Innate Abilities, Weirdness & Mutations

You have an increased reservoir of magic. (+10% MP)
You shall have no god before yourself.
Your divine heritage dramatically boosts your attributes as you level up.


Message History

The kobold is poisoned.
The kobold is moderately wounded.
You kill the kobold!
The kobold brigand closely misses you.
Unknown command.
You hit the kobold brigand but do no damage.
The kobold brigand is severely wounded.
The kobold brigand hits you with a +0 short sword of freezing.
* * * LOW HITPOINT WARNING * * *
The kobold brigand freezes you.
* * * LOW HITPOINT WARNING * * *
Unknown command.
Unknown command.
Unknown command.
The kobold brigand looks more healthy.
Aiming: Sting (safe; 4% risk of failure)
Press: ? - help, Q - select action, (/) - cycle Shift-Dir - straight line, f - kobold brigand
Aim: a kobold brigand, wielding a +0 short sword and quivering poisoned darts (moderately wounded, 64% to hit)
Okay, then.
You hit the kobold brigand but do no damage.
The kobold brigand is severely wounded.
Unknown command.
Unknown command.
Aiming: Sting (safe; 4% risk of failure)
Press: ? - help, Q - select action, (/) - cycle Shift-Dir - straight line, f - kobold brigand
Aim: a kobold brigand, wielding a +0 short sword and quivering poisoned darts (moderately wounded, 64% to hit)
The sting hits the kobold brigand.
The kobold brigand is poisoned.
The kobold brigand is moderately wounded.
The kobold brigand hits you with a +0 short sword!
* * * LOW HITPOINT WARNING * * *
The kobold brigand hits you with a +0 short sword of freezing!
* * * LOW HITPOINT WARNING * * *
The kobold brigand freezes you.
* * * LOW HITPOINT WARNING * * *
It was a potion of degeneration.
There was something very wrong with that liquid.
You feel weakened.
You feel dopey.
You feel clumsy. The kobold brigand barely misses you.
The kobold brigand hits you with a +0 short sword of freezing!
You die...

≈≈≈≈≈≈≈≈≈≈≈≈≈≈≈≈≈≈≈#
≈≈≈≈≈≈≈≈≈≈≈≈≈≈≈≈≈≈≈#
≈≈≈≈≈≈≈≈≈≈≈≈≈≈≈≈≈≈≈
##≈≈≈≈##########≈######
≈≈≈≈≈≈≈P≈≈...P≈≈≈#....#
≈≈≈≈≈≈P≈≈≈P..≈≈≈≈'..∩.#
..P≈≈≈.......≈.≈))).!!#
...............KK#!...#
P........##....K@# ####
....#...##########
....#...# ##..#####
####


You could see 2 kobold brigands and a kobold.

Vanquished Creatures
  2 adders
  2 dart slugs (D:2)
  12 ball pythons
  4 bats
  5 endoplasms
  4 giant cockroaches
  2 goblins (D:2)
  9 hobgoblins
  5 quokkas
  3 frilled lizards
  15 kobolds
  5 rats
68 creatures vanquished.

Vanquished Creatures (others)
  10 plants
10 creatures vanquished.

Grand Total: 78 creatures vanquished

Notes
Turn   | Place    | Note
-------+----------+-------------------------------------------
     0 | D:1      | pkoi the Demigod Venom Mage began the quest for the Orb.
     0 | D:1      | Reached XP level 1. HP: 14/14 MP: 5/5
   199 | D:1      | Reached skill level 3 in Poison Magic
   457 | D:1      | Found Baugonig's General Store.
   490 | D:1      | Reached XP level 2. HP: 20/20 MP: 4/7
  1402 | D:2      | Learned a level 2 spell: Poisonous Vapours
  1402 | D:2      | Identified a scroll of acquirement
  1402 | D:2      | Acquired 763 gold pieces
  1460 | D:1      | Bought a Trismegistus Codex for 308 gold pieces
  1699 | D:2      | Reached XP level 3. HP: 26/26 MP: 2/8
  1990 | D:2      | Reached skill level 4 in Poison Magic
  3425 | D:3      | Found a glowing drain.
  3435 | Sewer    | Entered a sewer
  4125 | Sewer    | Reached XP level 4. HP: 33/33 MP: 6/9
  4504 | Sewer    | Noticed a kobold brigand
  4504 | Sewer    | Noticed a kobold brigand
  4517 | Sewer    | Slain by a kobold brigand

Illustrated notes

Levels and vault maps discovered:
D:1:      kennysheep_arrival_seaside, layout_basic,
          dilly_ecumenical_altar_fadedgnrine, serial_shops,
          nicolae_lakefront_shop
D:2:      layout_loops_ring
D:3:      layout_rooms, biasface_ghost_orc_armoury, gup_sewer_entry_pipe,
          minmay_quadrilaterals, uniq_natasha, uniq_jessica, uniq_robin
Sewer:    kennysheep_pipe_town

Skill      XL: |  1  2  3 |
---------------+----------+-----
Poison Magic   | 3 4 |  4.8
Dodging        | |  1.7
Stealth        | |  1.7
Spellcasting   | |  1.7
Transmutations | |  0.8

Action                   |  1- 3 |  4- 6 || total
-------------------------+-------+-------++-------
Melee: Whip              |    32 |     3 ||    35
 Cast: Sting             |   118 |    17 ||   135
       Poisonous Vapours |       |     2 ||     2
  Use: Scroll            |     1 |       ||     1
       Potion            |       |     1 ||     1
Armor: Robe              |    14 |     2 ||    16
Dodge: Dodged            |    45 |     7 ||    52
